 Dungeon Crawl Stone Soup version 0.19.5 (webtiles) character file.

53 greprep the Magician (level 3, -8/19 HPs)
             Began as a Deep Elf Wizard on May 7, 2017.
             Mangled by a gnoll
             ... wielding a +0 club
              (9 damage)
             ... on level 2 of the Dungeon.
             The game lasted 00:03:54 (1546 turns).

greprep the Magician (Deep Elf Wizard)              Turns: 1546, Time: 00:03:55

Health: -8/19      AC:  2    Str:  4    XL:     3   Next: 64%
Magic:  9/12       EV: 13    Int: 23    God:
Gold:   62         SH:  0    Dex: 13    Spells: 3 memorised, 8 levels left

rFire  . . .     SeeInvis .     n - +1 dagger (venom)
rCold  . . .     Gourm    .     a - +0 robe
rNeg   . . .     Faith    .     (no shield)
rPois  .         Spirit   .     b - +0 hat
rElec  .         Reflect  .     (no cloak)
rCorr  .         Harm     .     (no gloves)
MR     .....                    (no boots)
Stlth  ++........               (no amulet)
                                (no ring)
                                (no ring)

@: no status effects
A: no striking features
a: no special abilities


You were on level 2 of the Dungeon.
You were near starving.

You visited 1 branch of the dungeon, and saw 2 of its levels.

You collected 62 gold pieces.

Inventory:

Hand Weapons
 n - a +1 dagger of venom (weapon)
Armour
 a - a +0 robe (worn)
 b - a +0 hat (worn)
Scrolls
 e - a scroll of teleportation {unknown}
 h - a scroll of recharging {unknown}
 i - a scroll of fog {unknown}
 k - 2 scrolls of random uselessness {unknown}
 l - a scroll of fear {unknown}
Potions
 g - a potion of degeneration {unknown}
 j - a potion of invisibility {unknown}
 m - a potion of berserk rage {unknown}
Books
 c - a book of Minor Magic

   Spells                             Type                      Level
   a - Magic Dart                     Conjuration                  1
   b - Blink                          Translocation                2
   c - Call Imp                       Summoning                    2
   d - Repel Missiles                 Charms/Air                   2
   e - Slow                           Hexes                        2
   f - Conjure Flame                  Conjuration/Fire             3
   g - Mephitic Cloud                 Conjuration/Poison/Air       3
Comestibles
 d - 2 bread rations
 f - a meat ration


   Skills:
 + Level 2.8 Dodging
 + Level 3.1 Stealth
 + Level 5.7 Spellcasting
 + Level 1.4 Conjurations
 + Level 1.2 Summonings
 + Level 1.1 Translocations


You had 8 spell levels left.
You knew the following spells:

 Your Spells              Type           Power        Failure   Level  Hunger
a - Magic Dart            Conj           ##..         6%          1    None
b - Call Imp              Summ           ##......     10%         2    None
c - Blink                 Tloc           N/A          10%         2    None


Dungeon Overview and Level Annotations

Branches:
Dungeon (2/15)

Altars:


Message History

You hit the gnoll but do no damage.
The gnoll is poisoned.
The gnoll is lightly wounded.
Your crimson imp closely misses the gnoll.
The gnoll misses your crimson imp. The gnoll hits you with a club.
Your crimson imp hits the gnoll.
Your crimson imp hits the gnoll.
The gnoll hits your crimson imp with a club.
The gnoll hits you with a club.
Your crimson imp hits the gnoll.
You kill the gnoll!
Your crimson imp hits the gnoll.
The gnoll barely misses your crimson imp.
Your crimson imp hits the gnoll.
Your crimson imp blinks!
You barely miss the gnoll.
The gnoll is severely wounded.
The gnoll hits you with a club!
* * * LOW HITPOINT WARNING * * *
Your crimson imp hits the gnoll.
The gnoll hits you with a club!
You die...

..# ####<.......# .##
#....######.# .# ♣.♣..#
####.### ### .## #.##.#
#......# #.# ..♣#♣.♣#.# #.#.#
#.# ......##.# #.#.# #.#
.#♣#♣#♣... #.#.# #.# ...# #.#
##.#.#####.### ### ...###. .#
#..@.....#.#.### #.. .......
#†g#.###.#.#...# ###
#..#####.#####.5#.###.#.##.##
#..# #......).#........#.#
...# #######>##........#.#
...######## #.##........#.#
..........####.##..........#
#.#######....#.###.........##
#.# ####................#


You could see a gnoll and a friendly crimson imp.

Vanquished Creatures
  A gnoll (D:2)
  An adder (D:2)
  3 dart slugs
  A leopard gecko (D:2)
  2 giant cockroaches (D:1)
  A goblin (D:1)
  4 hobgoblins
  A jackal (D:2)
  2 bats (D:1)
  2 frilled lizards (D:1)
  5 kobolds (D:1)
  A rat (D:1)
24 creatures vanquished.

Vanquished Creatures (collateral kills)
  An adder (D:2)
  A worm (D:2)
  A kobold (D:2)
  A bat (D:2)
  A rat (D:2)
5 creatures vanquished.

Grand Total: 29 creatures vanquished

Notes
Turn   | Place    | Note
-------+----------+-------------------------------------------
     0 | D:1      | greprep the Deep Elf Wizard began the quest for the Orb.
     0 | D:1      | Reached XP level 1. HP: 10/10 MP: 7/7
   324 | D:1      | Reached XP level 2. HP: 15/15 MP: 3/9
   328 | D:1      | Learned a level 2 spell: Call Imp
   382 | D:1      | Reached skill level 5 in Spellcasting
   551 | D:1      | Learned a level 2 spell: Blink
   906 | D:2      | Reached XP level 3. HP: 19/19 MP: 8/11
  1546 | D:2      | Mangled by a gnoll

Skill      XL: |  1  2 |
---------------+-------+-----
Spellcasting   | 5 |  5.7
Stealth        | 3 |  3.1
Dodging        | |  2.8
Conjurations   | |  1.4
Summonings     | |  1.2
Translocations | |  1.1

Action                   || total
-------------------------++-------
Melee: Dagger            ||    32
 Cast: Magic Dart        ||    36
       Call Imp          ||     8
 Stab: Sleeping          ||     4
Armor: Robe              ||    10
Dodge: Dodged            ||    24
